 Dungeon Crawl Stone Soup version 0.18.1-50-g88ac8fd (webtiles) character file.

420 kengeki the Thaumaturge (level 6, 0/28 HPs)
             Began as a Deep Elf Fire Elementalist on Sept 30, 2016.
             Slain by Grinder (2 damage)
             ... on level 4 of the Dungeon.
             The game lasted 00:38:44 (5531 turns).

kengeki the Thaumaturge (DEFE)                      Turns: 5531, Time: 00:38:45

Health: 0/28       AC:  3    Str:  5    XL:     6   Next: 62%
Magic:  10/19      EV: 12    Int: 22    God:
Gold:   117        SH:  0    Dex: 13    Spells: 3 memorised, 16 levels left

rFire  . . .     SeeInvis .     f - +1 short sword
rCold  . . .     Gourm    .     a - +1 robe
rNeg   . . .     Faith    .     (no shield)
rPois  .         Spirit   .     (no helmet)
rElec  .         Dismiss  .     (no cloak)
rCorr  .         Reflect  .     i - +0 pair of gloves
SustAt .         Harm     .     (no boots)
MR     .....                    (no amulet)
Stlth  ++........               (no ring)
                                (no ring)

@: about to teleport, not resistant to hostile enchantments, unstealthy
A: clumsy 1, deformed body, frail 1
a: no special abilities


You were on level 4 of the Dungeon.
You were hungry.

You visited 1 branch of the dungeon, and saw 4 of its levels.

You collected 117 gold pieces.

Inventory:

Hand Weapons
 f - a +1 short sword (weapon)
Armour
 a - a +1 robe (worn)
 i - a +0 pair of gloves (worn)
Wands
 l - a wand of hasting (5/9)
Scrolls
 g - a scroll of teleportation
 m - a scroll of enchant armour
 o - a scroll of recharging
Potions
 d - a potion of cancellation
 e - a potion of curing
 j - a potion of heal wounds
 k - a potion of invisibility
Books
 b - a book of Flames

   Spells                             Type                      Level
   a - Flame Tongue                   Conjuration/Fire             1
   b - Throw Flame                    Conjuration/Fire             2
   c - Conjure Flame                  Conjuration/Fire             3
   d - Inner Flame                    Hexes/Fire                   3
   e - Sticky Flame                   Conjuration/Fire             4
   f - Fireball                       Conjuration/Fire             5
Comestibles
 c - 4 bread rations
 h - 2 meat rations
 p - 5 fruits


   Skills:
 - Level 2.4 Dodging
 - Level 2.4 Stealth
 + Level 8.8 Spellcasting
 - Level 3.1 Conjurations
 - Level 3.2 Fire Magic


You had 16 spell levels left.
You knew the following spells:

 Your Spells              Type           Power        Failure   Level  Hunger
a - Throw Flame           Conj/Fire      ###...       3%          2    None
b - Flame Tongue          Conj/Fire      ###..        1%          1    None
c - Conjure Flame         Conj/Fire      ###.....     8%          3    None


Dungeon Overview and Level Annotations

Branches:
Dungeon (4/15)
 Temple: D:4-7

Altars:
Dithmenos
Fedhas
Pakellas

Annotations:
D:2 Sigmund
D:4 Grinder


Innate Abilities, Weirdness & Mutations

You are clumsy. (Dex -2)
Armour fits poorly on your strangely shaped body.
You are frail (-10% HP).


Message History

Casting: Throw Flame
Confirm with . or Enter, or press ? or * to list all spells.
Aiming: Throw Flame
Press: ? - help, Shift-Dir - straight line, f/p - Grinder
Aim: Grinder (heavily wounded)
The puff of flame hits Grinder.
Grinder is heavily wounded.
Grinder gestures at you.
You suddenly lose the ability to move!
Grinder hits you!
You writhe in agony.
Grinder hits you!
* * * LOW HITPOINT WARNING * * *
You writhe in agony.
* * * LOW HITPOINT WARNING * * *
You can move again.
Unknown command.
Read which item? (? for menu, Esc to quit)
As you read the scroll of teleportation, it crumbles to dust.
You feel strangely unstable. Grinder hits you.
You die...

.### ###.##...### #..###
###...#####
###..#######...###...##
###........###......##*
#.(......##.........##
##..##...#...........##
#..###...............##
#..###................#
##..###....@..........##
#..# #....5..........ยง#
#..# #................##
##.###.................#
#..###................#
#..# ##...............#
##.## ##.............##
#..# #...##.......##
#..#####..#####...##


You could see Grinder.

Vanquished Creatures
  An ogre (D:4)
  A scorpion (D:4)
  An orc priest (D:3)
  An orc wizard (D:3)
  7 gnolls
  2 adders (D:2)
  3 oozes
  An adder skeleton (D:4)
  5 worms
  A dart slug (D:2)
  A giant gecko (D:4)
  13 orcs (D:3)
  5 giant cockroaches
  5 goblins
  9 hobgoblins
  5 jackals
  11 kobolds
  A quokka (D:3)
  9 bats
  6 giant newts
  10 rats
98 creatures vanquished.

Notes
Turn   | Place    | Note
--------------------------------------------------------------
     0 | D:1      | kengeki the Deep Elf Fire Elementalist began the quest for the Orb.
     0 | D:1      | Reached XP level 1. HP: 10/10 MP: 6/6
   198 | D:1      | Reached XP level 2. HP: 13/15 MP: 1/8
   205 | D:1      | Reached skill level 4 in Spellcasting
   362 | D:1      | Learned a level 2 spell: Throw Flame
   833 | D:1      | Reached XP level 3. HP: 19/19 MP: 0/11
  1199 | D:2      | Learned a level 3 spell: Conjure Flame
  1203 | D:2      | Reached skill level 5 in Spellcasting
  1441 | D:2      | Noticed Sigmund
  1824 | D:2      | Reached XP level 4. HP: 24/24 MP: 7/13
  3276 | D:2      | Reached skill level 6 in Spellcasting
  3320 | D:3      | Reached XP level 5. HP: 28/28 MP: 8/15
  3710 | D:3      | Gained mutation: You are frail (-10% HP). [potion of mutation]
  3710 | D:3      | Gained mutation: You are clumsy. (Dex -2) [potion of mutation]
  3710 | D:3      | Gained mutation: Armour fits poorly on your strangely shaped body. [potion of mutation]
  3850 | D:3      | Found a shadowy altar of Dithmenos.
  4373 | D:3      | Found a faded altar to an unknown god.
  4439 | D:3      | Reached skill level 7 in Spellcasting
  4688 | D:4      | Found an oddly glowing altar of Pakellas.
  4744 | D:4      | Found a blossoming altar of Fedhas.
  4747 | D:4      | Reached XP level 6. HP: 28/28 MP: 12/18
  4870 | D:4      | Noticed Grinder
  4870 | D:4      | Paralysed by Grinder for 5 turns
  4971 | D:4      | Reached skill level 8 in Spellcasting
  5528 | D:4      | Paralysed by Grinder for 3 turns
  5530 | D:4      | HP: 1/28 [Grinder (5)]
  5531 | D:4      | Slain by Grinder

Skill      XL: |  1  2  3  4  5  6 |
---------------+-------------------+-----
Spellcasting   | 4 5 6 7 8 |  8.8
Conjurations   | 2 3 |  3.1
Dodging        | |  2.4
Stealth        | |  2.4
Fire Magic     | |  3.2

Action                   |  1- 3 |  4- 6 || total
-------------------------+-------+-------++-------
 Cast: Flame Tongue      |    19 |    13 ||    32
       Throw Flame       |    37 |   135 ||   172
  Use: Scroll            |     3 |    11 ||    14
       Potion            |       |     7 ||     7
  Eat: Chunk             |     3 |     9 ||    12
       Beef jerky        |       |     1 ||     1
Armor: Robe              |       |     4 ||     4
Dodge: Dodged            |     7 |    19 ||    26
